Pick #1

Connor Bedard
Pick #2

Leo Carlsson
Pick #3

Adam Fantilli
Pick #4

Matvei Michkov
Pick #5

David Reinbacher
Pick #6

William Smith
Pick #7

Zachary Benson
Pick #8

Ryan Leonard
Pick #9

Gabriel Perreault
Pick #10

Axel Sandin-Pellika
Pick #11

Daniil But
Pick #12

Dalibor Dvorsky
Pick #13

Quentin Musty
Pick #14

Brayden Yager
Pick #15

Dmitry Simashev
Pick #16

Colby Barlow
Pick #17

Andrew Cristall
Pick #18

Easton Cowan
Pick #19

Jacob Fowler
Pick #20

Oliver Moore
Pick #21

Oliver Bonk
Pick #22

Tom Willander
Pick #23

Calum Ritchie
Pick #24

Tanner Molendyk
Pick #25

Gavin Brindley
Pick #26

Nate Danielson
Pick #27

Pick #28

Pick #29

Pick #30

Pick #31

Pick #32

Pick #33

Pick #34

Pick #35

Pick #36

Pick #37

Pick #38

Pick #39

Pick #40

Pick #41

Pick #42

Pick #43

Pick #44

Pick #45

Pick #46

Pick #47

Pick #48

Pick #49

Pick #50

Pick #51

Pick #52

Pick #53

Pick #54

Pick #55

Pick #56

Pick #57

Pick #58

Pick #59

Pick #60

Pick #61

Pick #62

Pick #63

Pick #64

Pick #65

Pick #66

Pick #67

Pick #68

Pick #69

Pick #70

Pick #71

Pick #72

Pick #73

Pick #74

Pick #75

Pick #76

Pick #77

Pick #78

Pick #79

Pick #80

Pick #81

Pick #82

Pick #83

Pick #84

Pick #85

Pick #86

Pick #87

Pick #88

Pick #89

Pick #90

Pick #91

Pick #92

Pick #93

Pick #94

Pick #95

Pick #96

Pick #97

Pick #98

Pick #99

Pick #100

Pick #101

Pick #102

Pick #103

Pick #104

Pick #105

Pick #106

Pick #107

Pick #108

Pick #109

Pick #110

Pick #111

Pick #112

Pick #113

Pick #114

Pick #115

Pick #116

Pick #117

Pick #118

Pick #119

Pick #120

Pick #121

Pick #122

Pick #123

Pick #124

Pick #125

Pick #126

Pick #127

Pick #128

Pick #129

Pick #130

Full Scoreboard »»

Islanders vs Penguins

Created - October 30, 2023 at 20:50

Goals
1 2 3 T
Islanders 1 0 0 1
Penguins 1 0 1 2
Shots
1 2 3 T
Islanders 14 10 8 32
Penguins 7 9 12 28

GoalsPenalties
1st period
1. Penguins , Jesper Bratt 5 (Cole Caufield 6, Nathan MacKinnon 7) at 5:15
2. Islanders , Jake Guentzel 3 (Connor McDavid 8, Brad Marchand 9) at 10:43
Neal Pionk (NYI) for Interference (Minor) at 6:11
MacKenzie Weegar (PIT) for Roughing (Minor) at 17:32
2nd period
No Goal
Michael Bunting (NYI) for High sticking (Minor) at 9:30
Jacob Trouba (PIT) for Hooking (Minor) at 18:02
3rd period
3. Penguins , Rem Pitlick 1 (Rudolfs Balcers 2, MacKenzie Weegar 5) at 18:50
Jake Guentzel (NYI) for Hooking (Minor) at 5:17
Goalie Stats
Igor Shesterkin (NYI), 26 saves from 28 shots - (0.929), L, 4-4-1, 59:15 minutes
Connor Hellebuyck (PIT), 31 saves from 32 shots - (0.969), W, 5-4-0, 60:00 minutes
3 StarsOfficial
1 - Connor Hellebuyck (PIT)
2 - Jesper Bratt (PIT)
3 - Rem Pitlick (PIT)
Referees : Ben O'Quinn and Ryan Hersey
Linesman : Jaime Alary and Derek Nansen
Game Note
No Game Note
Finance
Level 1 -- Attendance: 5741 (88.32%) -- Ticket Income $688,920
Level 2 -- Attendance: 5000 (100.00%) -- Ticket Income $425,000
Level 3 -- Attendance: 2879 (82.26%) -- Ticket Income $187,135
Level 4 -- Attendance: 2387 (100.00%) -- Ticket Income $107,415
Luxury Box -- Attendance: 865 (86.50%) -- Ticket Income $194,625
Game was played at the Consol Energy Center.
Total Attendance: 16872 (91.76%)
Total Ticket Income: $1,603,095
Other Income: $400,774
Total Income: $2,003,869



Team Name Goals Shots Shots Attemp Shots Blocked PIM HIT PP PK FO%
Islanders 1326356230 / 2 (0%)051%
Penguins 2284744170 / 3 (0%)049%

Islanders
Player Name POS G A P +/- PIM HIT SHT SB MP PP MP PP SHT PK MP PK SHT FO% FOT
Barrett HaytonC000-100104:390:0000:51071% 7
Brad MarchandLW0111022021:372:3910:070100% 1
Brent BurnsD0000030125:392:3902:5200% 0
Chandler StephensonC0000011020:331:1901:39063% 19
Connor McDavidC0111008021:302:3900:00035% 31
Jake GuentzelLW1011214020:372:3900:0000% 1
Jean-Gabriel PageauC000-1001013:180:0003:27060% 20
Justin HollD0000040013:150:0001:0400% 0
Kevin RooneyC000-101005:270:0001:3900% 0
Kyle PalmieriC000-100109:510:0000:0000% 0
Mason MarchmentLW000-1003011:101:1910:0000% 1
Michael BuntingLW0000240017:340:0000:000100% 1
Neal PionkD000-1223221:051:1922:0100% 0
Pavel BuchnevichLW0000017019:461:1930:0000% 1
Ryan GravesD000-1000015:100:0000:0000% 0
Shayne GostisbehereD0000000119:111:1903:0500% 0
Shea TheodoreD0000010125:392:3902:5200% 0
Tanner JeannotLW000-103107:590:0004:1110% 0
Penguins
Player Name POS G A P +/- PIM HIT SHT SB MP PP MP PP SHT PK MP PK SHT FO% FOT
Cole CaufieldRW0111011020:493:1900:0000% 1
Dylan LarkinC0000004022:112:3802:56047% 30
Jacob TroubaD0000232021:172:1810:4700% 0
Jeff PetryD0000010122:042:1802:2500% 0
Jesper BrattLW1011005020:493:1910:0000% 1
Josh AndersonRW0000033019:252:3801:02067% 3
Julien GauthierRW000000000:000:0000:0000% 0
Justin FaulkD0000023123:593:3902:4400% 0
Kevin FialaLW0000002019:152:3800:0000% 0
Logan O'ConnorRW000-1020014:080:0002:5600% 1
MacKenzie WeegarD0111210015:070:0000:0000% 0
Mathew DumbaD0000011222:233:3902:0000% 0
Matt RoyD0001010015:080:0000:0000% 0
Nathan MacKinnonC0111011020:493:1900:00054% 24
Oskar LindblomLW0000013015:580:0000:00050% 2
Rem PitlickC101100105:380:0000:00057% 7
Rudolfs BalcersLW011100105:380:0000:0000% 0
Ryan PoehlingC000-1001011:220:0001:02046% 13



Play-by-Play

1st period


0:01 of 1st period - Nathan MacKinnon wins face-off versus Connor McDavid in neutral zone.
0:10 of 1st period - Connor McDavid is hit by Justin Faulk and loses puck.
0:23 of 1st period - Shot by Jake Guentzel.
0:23 of 1st period - Shot Misses the Net.
0:25 of 1st period - Shot by Brad Marchand.
0:25 of 1st period - Stopped by Connor Hellebuyck without a rebound.
0:26 of 1st period - Dylan Larkin wins face-off versus Chandler Stephenson in Penguins zone.
0:37 of 1st period - Jeff Petry is hit by Michael Bunting and loses puck.
0:54 of 1st period - Shot by Josh Anderson.
0:54 of 1st period - Stopped by Igor Shesterkin without a rebound.
0:55 of 1st period - Ryan Poehling wins face-off versus Jean-Gabriel Pageau in Islanders zone.
2:08 of 1st period - Shot by Connor McDavid.
2:08 of 1st period - Stopped by Connor Hellebuyck without a rebound.
2:09 of 1st period - Chandler Stephenson wins face-off versus Dylan Larkin in Penguins zone.
2:37 of 1st period - Icing by Josh Anderson.
2:38 of 1st period - Dylan Larkin wins face-off versus Connor McDavid in Penguins zone.
3:04 of 1st period - Connor McDavid is hit by Jeff Petry.
3:21 of 1st period - Icing by Connor McDavid.
3:22 of 1st period - Rem Pitlick wins face-off versus Connor McDavid in Islanders zone.
4:06 of 1st period - Icing by Justin Faulk.
4:07 of 1st period - Rem Pitlick wins face-off versus Chandler Stephenson in Penguins zone.
4:07 of 1st period - Rem Pitlick is hit by Chandler Stephenson.
4:15 of 1st period - Shot by Pavel Buchnevich.
4:15 of 1st period - Shot Misses the Net.
4:51 of 1st period - Shot by Pavel Buchnevich.
4:51 of 1st period - Stopped by Connor Hellebuyck without a rebound.
4:52 of 1st period - Barrett Hayton wins face-off versus Jesper Bratt in Penguins zone.
5:10 of 1st period - Cole Caufield is hit by Justin Holl and loses puck.
5:15 of 1st period - Shot by Jesper Bratt.
5:15 of 1st period - Goal by Jesper Bratt - Islanders : 0 - Penguins : 1.
5:16 of 1st period - Jean-Gabriel Pageau wins face-off versus Dylan Larkin in neutral zone.
5:28 of 1st period - Icing by Jacob Trouba.
5:29 of 1st period - Dylan Larkin wins face-off versus Connor McDavid in Penguins zone.
5:49 of 1st period - Jeff Petry is hit by Jake Guentzel and loses puck.
6:10 of 1st period - Shot by Josh Anderson.
6:10 of 1st period - Deflect By Dylan Larkin.
6:10 of 1st period - Shot Blocked by Neal Pionk.
6:11 of 1st period - Minor Penalty to Neal Pionk for Interference.
6:12 of 1st period - Jean-Gabriel Pageau wins face-off versus Nathan MacKinnon in Islanders zone.
6:42 of 1st period - Off-side.
6:43 of 1st period - Dylan Larkin wins face-off versus Jean-Gabriel Pageau in neutral zone.
6:48 of 1st period - Shot by Jacob Trouba.
6:48 of 1st period - Stopped by Igor Shesterkin without a rebound.
6:49 of 1st period - Nathan MacKinnon wins face-off versus Jean-Gabriel Pageau in Islanders zone.
6:54 of 1st period - Shot by Jesper Bratt.
6:54 of 1st period - Stopped by Igor Shesterkin without a rebound.
6:55 of 1st period - Jean-Gabriel Pageau wins face-off versus Dylan Larkin in Islanders zone.
7:14 of 1st period - Shot by Kevin Fiala.
7:14 of 1st period - Shot Misses the Net.
7:20 of 1st period - Shot by Jacob Trouba.
7:20 of 1st period - Shot Blocked by Shayne Gostisbehere.
7:22 of 1st period - Shot by Kevin Fiala.
7:22 of 1st period - Deflect By Josh Anderson.
7:22 of 1st period - Shot Misses the Net.
7:33 of 1st period - Josh Anderson is hit by Justin Holl and loses puck.
7:56 of 1st period - Justin Faulk is hit by Kevin Rooney and loses puck.
8:21 of 1st period - Shot by Brad Marchand.
8:21 of 1st period - Shot Misses the Net.
8:35 of 1st period - Shot by Brad Marchand.
8:35 of 1st period - Shot Misses the Net.
8:37 of 1st period - Shot by Connor McDavid.
8:37 of 1st period - Stopped by Connor Hellebuyck with a rebound.
8:54 of 1st period - Shot by Connor McDavid.
8:54 of 1st period - Stopped by Connor Hellebuyck without a rebound.
8:55 of 1st period - Nathan MacKinnon wins face-off versus Chandler Stephenson in Penguins zone.
9:21 of 1st period - Shot by Chandler Stephenson.
9:21 of 1st period - Shot Blocked by Mathew Dumba.
10:17 of 1st period - Shot by Mason Marchment.
10:17 of 1st period - Stopped by Connor Hellebuyck without a rebound.
10:18 of 1st period - Connor McDavid wins face-off versus Ryan Poehling in Penguins zone.
10:18 of 1st period - Connor McDavid is hit by MacKenzie Weegar.
10:22 of 1st period - Shot by Jake Guentzel.
10:22 of 1st period - Shot Misses the Net.
10:43 of 1st period - Shot by Connor McDavid.
10:43 of 1st period - Deflect By Jake Guentzel.
10:43 of 1st period - Goal by Jake Guentzel - Islanders : 1 - Penguins : 1.
10:44 of 1st period - Jean-Gabriel Pageau wins face-off versus Dylan Larkin in neutral zone.
10:44 of 1st period - Shayne Gostisbehere is hit by Josh Anderson and loses puck.
10:59 of 1st period - Shot by Dylan Larkin.
10:59 of 1st period - Stopped by Igor Shesterkin without a rebound.
11:00 of 1st period - Nathan MacKinnon wins face-off versus Barrett Hayton in Islanders zone.
11:13 of 1st period - Cole Caufield is hit by Tanner Jeannot and loses puck.
11:19 of 1st period - Cole Caufield is hit by Tanner Jeannot and loses puck.
12:25 of 1st period - Shot by Kevin Fiala.
12:25 of 1st period - Shot Misses the Net.
12:45 of 1st period - Shot by Chandler Stephenson.
12:45 of 1st period - Shot Misses the Net.
13:09 of 1st period - Shot by Jake Guentzel.
13:09 of 1st period - Shot Misses the Net.
13:17 of 1st period - Brad Marchand is hit by Oskar Lindblom and loses puck.
13:23 of 1st period - Icing by Ryan Graves.
13:24 of 1st period - Connor McDavid wins face-off versus Nathan MacKinnon in Islanders zone.
14:11 of 1st period - Shot by Mason Marchment.
14:11 of 1st period - Stopped by Connor Hellebuyck without a rebound.
14:12 of 1st period - Chandler Stephenson wins face-off versus Ryan Poehling in Penguins zone.
14:19 of 1st period - Shayne Gostisbehere is hit by Logan O'Connor and loses puck.
14:35 of 1st period - Shot by Oskar Lindblom.
14:35 of 1st period - Shot Misses the Net.
14:37 of 1st period - Shot by Ryan Poehling.
14:37 of 1st period - Stopped by Igor Shesterkin without a rebound.
14:38 of 1st period - Jean-Gabriel Pageau wins face-off versus Dylan Larkin in Islanders zone.
15:09 of 1st period - Shot by Kevin Fiala.
15:09 of 1st period - Stopped by Igor Shesterkin without a rebound.
15:10 of 1st period - Chandler Stephenson wins face-off versus Nathan MacKinnon in Islanders zone.
15:46 of 1st period - Pavel Buchnevich is hit by Jacob Trouba and loses puck.
16:20 of 1st period - Cole Caufield is hit by Brent Burns and loses puck.
16:59 of 1st period - Mathew Dumba is hit by Justin Holl and loses puck.
17:03 of 1st period - Icing by Justin Holl.
17:04 of 1st period - Jean-Gabriel Pageau wins face-off versus Dylan Larkin in Islanders zone.
17:17 of 1st period - Shot by Jean-Gabriel Pageau.
17:17 of 1st period - Stopped by Connor Hellebuyck with a rebound.
17:32 of 1st period - Minor Penalty to MacKenzie Weegar for Roughing.
17:33 of 1st period - Chandler Stephenson wins face-off versus Dylan Larkin in Penguins zone.
17:34 of 1st period - Shot by Mason Marchment.
17:34 of 1st period - Stopped by Connor Hellebuyck without a rebound.
17:35 of 1st period - Connor McDavid wins face-off versus Dylan Larkin in Penguins zone.
17:44 of 1st period - Shot by Brent Burns.
17:44 of 1st period - Shot Misses the Net.
18:36 of 1st period - Shot by Neal Pionk.
18:36 of 1st period - Stopped by Connor Hellebuyck with a rebound.
18:38 of 1st period - Shot by Shayne Gostisbehere.
18:38 of 1st period - Shot Misses the Net.
19:05 of 1st period - Shot by Pavel Buchnevich.
19:05 of 1st period - Stopped by Connor Hellebuyck with a rebound.
19:07 of 1st period - Shot by Mason Marchment.
19:07 of 1st period - Deflect By Pavel Buchnevich.
19:07 of 1st period - Stopped by Connor Hellebuyck without a rebound.
19:08 of 1st period - Connor McDavid wins face-off versus Dylan Larkin in Penguins zone.
19:23 of 1st period - Shot by Brad Marchand.
19:23 of 1st period - Stopped by Connor Hellebuyck without a rebound.
19:24 of 1st period - Dylan Larkin wins face-off versus Chandler Stephenson in Penguins zone.
Goals for this period are 1 for Islanders vs 1 for Penguins.
Shots for this period are 14 for Islanders vs 7 for Penguins.

2nd period


0:01 of 2nd period - Nathan MacKinnon wins face-off versus Connor McDavid in neutral zone.
0:03 of 2nd period - Justin Faulk is hit by Shea Theodore and loses puck.
0:12 of 2nd period - Icing by Mathew Dumba.
0:13 of 2nd period - Chandler Stephenson wins face-off versus Nathan MacKinnon in Penguins zone.
0:30 of 2nd period - Shot by Cole Caufield.
0:30 of 2nd period - Stopped by Igor Shesterkin without a rebound.
0:31 of 2nd period - Connor McDavid wins face-off versus Dylan Larkin in Islanders zone.
1:58 of 2nd period - Shot by Jesper Bratt.
1:58 of 2nd period - Stopped by Igor Shesterkin without a rebound.
1:59 of 2nd period - Ryan Poehling wins face-off versus Pavel Buchnevich in Islanders zone.
2:09 of 2nd period - Shayne Gostisbehere is hit by Matt Roy and loses puck.
2:20 of 2nd period - Shot by Oskar Lindblom.
2:20 of 2nd period - Stopped by Igor Shesterkin without a rebound.
2:21 of 2nd period - Jean-Gabriel Pageau wins face-off versus Dylan Larkin in Islanders zone.
2:21 of 2nd period - Jean-Gabriel Pageau is hit by Josh Anderson.
2:24 of 2nd period - Mason Marchment is hit by Josh Anderson and loses puck.
2:59 of 2nd period - Shot by Mason Marchment.
2:59 of 2nd period - Shot Misses the Net.
3:01 of 2nd period - Shot by Kyle Palmieri.
3:01 of 2nd period - Stopped by Connor Hellebuyck without a rebound.
3:02 of 2nd period - Chandler Stephenson wins face-off versus Nathan MacKinnon in Penguins zone.
4:05 of 2nd period - Off-side.
4:06 of 2nd period - Connor McDavid wins face-off versus Josh Anderson in neutral zone.
4:11 of 2nd period - Shot by Connor McDavid.
4:11 of 2nd period - Shot Misses the Net.
4:15 of 2nd period - Shot by Jake Guentzel.
4:15 of 2nd period - Stopped by Connor Hellebuyck without a rebound.
4:16 of 2nd period - Jean-Gabriel Pageau wins face-off versus Ryan Poehling in Penguins zone.
4:22 of 2nd period - Icing by Matt Roy.
4:23 of 2nd period - Ryan Poehling wins face-off versus Connor McDavid in Penguins zone.
4:34 of 2nd period - Shot by Logan O'Connor.
4:34 of 2nd period - Shot Misses the Net.
4:36 of 2nd period - Shot by MacKenzie Weegar.
4:36 of 2nd period - Shot Blocked by Brent Burns.
4:43 of 2nd period - Icing by Connor McDavid.
4:44 of 2nd period - Nathan MacKinnon wins face-off versus Connor McDavid in Islanders zone.
5:22 of 2nd period - Shot by Nathan MacKinnon.
5:22 of 2nd period - Stopped by Igor Shesterkin without a rebound.
5:23 of 2nd period - Rem Pitlick wins face-off versus Chandler Stephenson in Islanders zone.
5:32 of 2nd period - Oskar Lindblom is hit by Michael Bunting and loses puck.
5:57 of 2nd period - Shot by Pavel Buchnevich.
5:57 of 2nd period - Shot Misses the Net.
6:28 of 2nd period - Off-side.
6:29 of 2nd period - Josh Anderson wins face-off versus Connor McDavid in neutral zone.
7:14 of 2nd period - Shot by Brad Marchand.
7:14 of 2nd period - Shot Misses the Net.
8:55 of 2nd period - Shot by Jacob Trouba.
8:55 of 2nd period - Shot Misses the Net.
9:12 of 2nd period - Logan O'Connor is hit by Michael Bunting and loses puck.
9:30 of 2nd period - Minor Penalty to Michael Bunting for High sticking.
9:31 of 2nd period - Chandler Stephenson wins face-off versus Dylan Larkin in Islanders zone.
10:35 of 2nd period - Jacob Trouba is hit by Tanner Jeannot and loses puck.
10:42 of 2nd period - Shot by Barrett Hayton.
10:42 of 2nd period - Deflect By Tanner Jeannot.
10:42 of 2nd period - Shot Blocked by Jeff Petry.
10:44 of 2nd period - Shot by Tanner Jeannot.
10:44 of 2nd period - Stopped by Connor Hellebuyck without a rebound.
10:45 of 2nd period - Nathan MacKinnon wins face-off versus Jean-Gabriel Pageau in Penguins zone.
11:11 of 2nd period - Icing by Jesper Bratt.
11:12 of 2nd period - Jean-Gabriel Pageau wins face-off versus Nathan MacKinnon in Penguins zone.
11:20 of 2nd period - Icing by Mathew Dumba.
11:21 of 2nd period - Nathan MacKinnon wins face-off versus Jean-Gabriel Pageau in Penguins zone.
11:26 of 2nd period - Neal Pionk is hit by Nathan MacKinnon and loses puck.
11:40 of 2nd period - Icing by Pavel Buchnevich.
11:41 of 2nd period - Ryan Poehling wins face-off versus Chandler Stephenson in Islanders zone.
11:50 of 2nd period - Shot by Oskar Lindblom.
11:50 of 2nd period - Stopped by Igor Shesterkin without a rebound.
11:51 of 2nd period - Dylan Larkin wins face-off versus Connor McDavid in Islanders zone.
12:00 of 2nd period - MacKenzie Weegar is hit by Brad Marchand and loses puck.
12:09 of 2nd period - Shot by Josh Anderson.
12:09 of 2nd period - Stopped by Igor Shesterkin without a rebound.
12:10 of 2nd period - Nathan MacKinnon wins face-off versus Chandler Stephenson in Islanders zone.
12:18 of 2nd period - Nathan MacKinnon is hit by Neal Pionk and loses puck.
12:53 of 2nd period - Nathan MacKinnon is hit by Pavel Buchnevich and loses puck.
13:12 of 2nd period - Shayne Gostisbehere is hit by Mathew Dumba.
13:25 of 2nd period - Dylan Larkin is hit by Brent Burns and loses puck.
13:32 of 2nd period - Shot by Kevin Fiala.
13:32 of 2nd period - Deflect By Dylan Larkin.
13:32 of 2nd period - Stopped by Igor Shesterkin without a rebound.
13:33 of 2nd period - Barrett Hayton wins face-off versus Ryan Poehling in Islanders zone.
13:35 of 2nd period - Icing by Justin Holl.
13:36 of 2nd period - Barrett Hayton wins face-off versus Ryan Poehling in Islanders zone.
13:43 of 2nd period - Shot by Barrett Hayton.
13:43 of 2nd period - Shot Misses the Net.
13:59 of 2nd period - Icing by Logan O'Connor.
14:00 of 2nd period - Oskar Lindblom wins face-off versus Connor McDavid in Penguins zone.
14:00 of 2nd period - Oskar Lindblom is hit by Brad Marchand.
14:03 of 2nd period - Icing by Matt Roy.
14:04 of 2nd period - Connor McDavid wins face-off versus Ryan Poehling in Penguins zone.
14:36 of 2nd period - Shot by Jake Guentzel.
14:36 of 2nd period - Shot Misses the Net.
14:38 of 2nd period - Shot by Jake Guentzel.
14:38 of 2nd period - Shot Misses the Net.
15:19 of 2nd period - Shot by Pavel Buchnevich.
15:19 of 2nd period - Stopped by Connor Hellebuyck without a rebound.
15:20 of 2nd period - Barrett Hayton wins face-off versus Nathan MacKinnon in Penguins zone.
15:42 of 2nd period - Kevin Rooney is hit by Justin Faulk and loses puck.
15:55 of 2nd period - Shot by Barrett Hayton.
15:55 of 2nd period - Stopped by Connor Hellebuyck without a rebound.
15:56 of 2nd period - Chandler Stephenson wins face-off versus Dylan Larkin in Penguins zone.
16:41 of 2nd period - Shot by Kevin Fiala.
16:41 of 2nd period - Stopped by Igor Shesterkin without a rebound.
16:42 of 2nd period - Connor McDavid wins face-off versus Nathan MacKinnon in Islanders zone.
16:59 of 2nd period - Shot by Jake Guentzel.
16:59 of 2nd period - Stopped by Connor Hellebuyck without a rebound.
17:00 of 2nd period - Jean-Gabriel Pageau wins face-off versus Rem Pitlick in Penguins zone.
17:34 of 2nd period - Shot by Rem Pitlick.
17:34 of 2nd period - Deflect By Oskar Lindblom.
17:34 of 2nd period - Stopped by Igor Shesterkin without a rebound.
17:35 of 2nd period - Nathan MacKinnon wins face-off versus Connor McDavid in Islanders zone.
17:42 of 2nd period - Shot by Nathan MacKinnon.
17:42 of 2nd period - Shot Misses the Net.
17:50 of 2nd period - Shot by Connor McDavid.
17:50 of 2nd period - Stopped by Connor Hellebuyck with a rebound.
17:56 of 2nd period - Shot by Connor McDavid.
17:56 of 2nd period - Deflect By Jake Guentzel.
17:56 of 2nd period - Stopped by Connor Hellebuyck without a rebound.
17:57 of 2nd period - Michael Bunting wins face-off versus Dylan Larkin in Penguins zone.
17:57 of 2nd period - Michael Bunting is hit by Jacob Trouba.
18:02 of 2nd period - Minor Penalty to Jacob Trouba for Hooking.
18:03 of 2nd period - Dylan Larkin wins face-off versus Connor McDavid in Penguins zone.
18:11 of 2nd period - Brad Marchand is hit by Logan O'Connor.
18:31 of 2nd period - Off-side.
18:32 of 2nd period - Chandler Stephenson wins face-off versus Logan O'Connor in neutral zone.
18:37 of 2nd period - Shot by Shayne Gostisbehere.
18:37 of 2nd period - Shot Misses the Net.
18:39 of 2nd period - Shot by Neal Pionk.
18:39 of 2nd period - Stopped by Connor Hellebuyck with a rebound.
18:51 of 2nd period - Shot by Pavel Buchnevich.
18:51 of 2nd period - Stopped by Connor Hellebuyck without a rebound.
18:52 of 2nd period - Dylan Larkin wins face-off versus Connor McDavid in Penguins zone.
19:12 of 2nd period - Icing by Connor McDavid.
19:13 of 2nd period - Ryan Poehling wins face-off versus Connor McDavid in Islanders zone.
19:16 of 2nd period - Shot by Josh Anderson.
19:16 of 2nd period - Shot Misses the Net.
Goals for this period are 0 for Islanders vs 0 for Penguins.
Shots for this period are 10 for Islanders vs 9 for Penguins.

3rd period


0:01 of 3rd period - Dylan Larkin wins face-off versus Connor McDavid in neutral zone.
0:36 of 3rd period - Shot by Pavel Buchnevich.
0:36 of 3rd period - Stopped by Connor Hellebuyck without a rebound.
0:37 of 3rd period - Brad Marchand wins face-off versus Dylan Larkin in Penguins zone.
0:40 of 3rd period - Shot by Connor McDavid.
0:40 of 3rd period - Stopped by Connor Hellebuyck with a rebound.
2:06 of 3rd period - Shot by Pavel Buchnevich.
2:06 of 3rd period - Deflect By Michael Bunting.
2:06 of 3rd period - Shot Misses the Net.
2:54 of 3rd period - Shot by Matt Roy.
2:54 of 3rd period - Shot Misses the Net.
2:56 of 3rd period - Shot by Logan O'Connor.
2:56 of 3rd period - Shot Blocked by Neal Pionk.
2:58 of 3rd period - Shot by Ryan Poehling.
2:58 of 3rd period - Shot Misses the Net.
3:45 of 3rd period - Shot by Justin Faulk.
3:45 of 3rd period - Stopped by Igor Shesterkin without a rebound.
3:46 of 3rd period - Rem Pitlick wins face-off versus Barrett Hayton in Islanders zone.
3:55 of 3rd period - Shot by Rem Pitlick.
3:55 of 3rd period - Shot Blocked by Shea Theodore.
3:57 of 3rd period - Shot by Jacob Trouba.
3:57 of 3rd period - Stopped by Igor Shesterkin without a rebound.
3:58 of 3rd period - Connor McDavid wins face-off versus Nathan MacKinnon in Islanders zone.
4:11 of 3rd period - Shot by Connor McDavid.
4:11 of 3rd period - Stopped by Connor Hellebuyck without a rebound.
4:12 of 3rd period - Dylan Larkin wins face-off versus Mason Marchment in Penguins zone.
4:19 of 3rd period - Shot by Kevin Fiala.
4:19 of 3rd period - Deflect By Dylan Larkin.
4:19 of 3rd period - Shot Misses the Net.
4:27 of 3rd period - Shot by Josh Anderson.
4:27 of 3rd period - Stopped by Igor Shesterkin without a rebound.
4:28 of 3rd period - Nathan MacKinnon wins face-off versus Jake Guentzel in Islanders zone.
4:40 of 3rd period - Icing by Connor McDavid.
4:41 of 3rd period - Josh Anderson wins face-off versus Connor McDavid in Islanders zone.
5:17 of 3rd period - Minor Penalty to Jake Guentzel for Hooking.
5:18 of 3rd period - Jean-Gabriel Pageau wins face-off versus Nathan MacKinnon in Islanders zone.
7:21 of 3rd period - Shot by Connor McDavid.
7:21 of 3rd period - Shot Hit the Post.
7:31 of 3rd period - Shot by Rudolfs Balcers.
7:31 of 3rd period - Shot Misses the Net.
7:56 of 3rd period - Rudolfs Balcers is hit by Justin Holl and loses puck.
8:33 of 3rd period - Shot by Mathew Dumba.
8:33 of 3rd period - Stopped by Igor Shesterkin without a rebound.
8:34 of 3rd period - Dylan Larkin wins face-off versus Jean-Gabriel Pageau in Islanders zone.
8:44 of 3rd period - Off-side.
8:45 of 3rd period - Chandler Stephenson wins face-off versus Oskar Lindblom in neutral zone.
9:14 of 3rd period - Chandler Stephenson is hit by Jacob Trouba.
9:28 of 3rd period - Shot by Pavel Buchnevich.
9:28 of 3rd period - Stopped by Connor Hellebuyck without a rebound.
9:29 of 3rd period - Nathan MacKinnon wins face-off versus Connor McDavid in Penguins zone.
10:04 of 3rd period - Shot by Connor McDavid.
10:04 of 3rd period - Shot Misses the Net.
10:06 of 3rd period - Shot by Neal Pionk.
10:06 of 3rd period - Stopped by Connor Hellebuyck with a rebound.
10:08 of 3rd period - Shot by Ryan Graves.
10:08 of 3rd period - Shot Blocked by Justin Faulk.
10:10 of 3rd period - Shot by Connor McDavid.
10:10 of 3rd period - Stopped by Connor Hellebuyck without a rebound.
10:11 of 3rd period - Dylan Larkin wins face-off versus Jean-Gabriel Pageau in Penguins zone.
10:54 of 3rd period - Shot by Kyle Palmieri.
10:54 of 3rd period - Shot Misses the Net.
11:20 of 3rd period - Shot by Chandler Stephenson.
11:20 of 3rd period - Stopped by Connor Hellebuyck without a rebound.
11:21 of 3rd period - Connor McDavid wins face-off versus Cole Caufield in Penguins zone.
11:36 of 3rd period - Shot by Jesper Bratt.
11:36 of 3rd period - Shot Misses the Net.
11:38 of 3rd period - Shot by Justin Faulk.
11:38 of 3rd period - Stopped by Igor Shesterkin with a rebound.
11:42 of 3rd period - Shot by Jesper Bratt.
11:42 of 3rd period - Stopped by Igor Shesterkin without a rebound.
11:43 of 3rd period - Chandler Stephenson wins face-off versus Ryan Poehling in Islanders zone.
12:42 of 3rd period - Off-side.
12:43 of 3rd period - Dylan Larkin wins face-off versus Connor McDavid in neutral zone.
12:54 of 3rd period - Shot by Justin Faulk.
12:54 of 3rd period - Stopped by Igor Shesterkin without a rebound.
12:55 of 3rd period - Nathan MacKinnon wins face-off versus Jean-Gabriel Pageau in Islanders zone.
13:04 of 3rd period - Shot by Nathan MacKinnon.
13:04 of 3rd period - Shot Misses the Net.
14:09 of 3rd period - Shot by Connor McDavid.
14:09 of 3rd period - Deflect By Brad Marchand.
14:09 of 3rd period - Shot Misses the Net.
14:23 of 3rd period - Shot by Connor McDavid.
14:23 of 3rd period - Shot Blocked by Mathew Dumba.
14:29 of 3rd period - Shot by Brad Marchand.
14:29 of 3rd period - Shot Misses the Net.
14:37 of 3rd period - Shot by Connor McDavid.
14:37 of 3rd period - Stopped by Connor Hellebuyck with a rebound.
15:03 of 3rd period - Shot by Pavel Buchnevich.
15:03 of 3rd period - Shot Misses the Net.
15:06 of 3rd period - Icing by Jacob Trouba.
15:07 of 3rd period - Barrett Hayton wins face-off versus Rem Pitlick in Penguins zone.
15:21 of 3rd period - Jeff Petry is hit by Neal Pionk and loses puck.
15:30 of 3rd period - Shot by Rudolfs Balcers.
15:30 of 3rd period - Stopped by Igor Shesterkin without a rebound.
15:31 of 3rd period - Chandler Stephenson wins face-off versus Nathan MacKinnon in Islanders zone.
15:31 of 3rd period - Chandler Stephenson is hit by Cole Caufield.
15:54 of 3rd period - Shot by Shea Theodore.
15:54 of 3rd period - Shot Misses the Net.
15:59 of 3rd period - Off-side.
16:00 of 3rd period - Ryan Poehling wins face-off versus Connor McDavid in neutral zone.
16:36 of 3rd period - Shot by Jake Guentzel.
16:36 of 3rd period - Shot Misses the Net.
16:38 of 3rd period - Shot by Shayne Gostisbehere.
16:38 of 3rd period - Shot Misses the Net.
17:24 of 3rd period - Shot by Jesper Bratt.
17:24 of 3rd period - Stopped by Igor Shesterkin with a rebound.
17:47 of 3rd period - Jesper Bratt is hit by Brent Burns and loses puck.
17:58 of 3rd period - Kevin Fiala is hit by Michael Bunting and loses puck.
18:13 of 3rd period - Shot by Dylan Larkin.
18:13 of 3rd period - Stopped by Igor Shesterkin without a rebound.
18:14 of 3rd period - Jean-Gabriel Pageau wins face-off versus Rem Pitlick in Islanders zone.
18:50 of 3rd period - Shot by Rem Pitlick.
18:50 of 3rd period - Goal by Rem Pitlick - Islanders : 1 - Penguins : 2.
18:51 of 3rd period - Connor McDavid wins face-off versus Dylan Larkin in neutral zone.
19:07 of 3rd period - Shot by Dylan Larkin.
19:07 of 3rd period - Stopped by Igor Shesterkin without a rebound.
19:08 of 3rd period - Dylan Larkin wins face-off versus Connor McDavid in Islanders zone.
19:15 of 3rd period - Islanders, Igor Shesterkin is pulled from the net.
Goals for this period are 0 for Islanders vs 1 for Penguins.
Shots for this period are 8 for Islanders vs 12 for Penguins.